 Dungeon Crawl Stone Soup version 0.30-a0-149-g7f746667c4 (webtiles) character file.

Game seed: 12860395496040593049

153403 snetch the Peltast (level 17, -10/161 HPs)
             Began as a Minotaur Berserker on Sept 20, 2022.
             Was the Champion of Trog.
             Hit by a javelin thrown by a merfolk javelineer (20 damage)
             ... on level 3 of the Shoals on Sept 26, 2022.
             The game lasted 01:47:03 (25264 turns).

snetch the Peltast (Minotaur Berserker)            Turns: 25264, Time: 01:47:04

Health: -10/161    AC: 27    Str: 37      XL:     17   Next: 4%
Magic:  2/2        EV: 17    Int:  3 (4)  God:    Trog [******]
Gold:   1775       SH: 21    Dex: 17      Spells: 16/16 levels left

rFire   + . .      SeeInvis .    a - +6 broad axe of Severance {antimagic, rC+ Dex+4}
rCold   + + +      Faith    .    V - +0 kite shield
rNeg    + + +      Spirit   .    P - +9 scale mail of Generosity {rC+}
rPois   +          Reflect  +    S - +2 hat
rElec   .          Harm     .    Y - +0 cloak {rPois}
rCorr   +          Rampage  .    r - +2 pair of gloves of Card Tricks {rN+ Regen+ Stlth+}
Will    +....                    x - +1 pair of boots "Ruon Ush" {rPois rF+ MP-9 Str+10}
Stlth   ++........               o - amulet of reflection
HPRegen 2.16/turn                R - ring "Ytseewew" {Fly rC+ rN++}
MPRegen 0.08/turn                D - ring of resist corrosion

@: mighty, weak-willed, strong-willed, on berserk cooldown, flying,
regenerating, hasted, very quick
A: horns 2, retaliatory headbutt
a: Renounce Religion, Berserk, Trog's Hand, Brothers in Arms


You were on level 3 of the Shoals.
You worshipped Trog.
Trog was exalted by your worship.
You visited 5 branches of the dungeon, and saw 26 of its levels.
You visited 1 bazaar.
You also visited: Sewer, Ice Cave and Volcano.

You collected 2573 gold pieces.
You spent 798 gold pieces at shops.

Inventory:

Hand Weapons
 a - the +6 broad axe of Severance (weapon) {antimagic, rC+ Dex+4}
   (Trog gifted it to you on level 1 of the Shoals)

   It reduces the magical energy of the wielder, and disrupts the spells and
   magical abilities of those it strikes.
   Natural abilities and divine invocations are not affected.
   Dex:       It affects your dexterity (+4).
   rC:        It protects you from cold.
 b - the +7 flail "Dragonbane" {venom, Int+6}
   (You found it on level 1 of the Lair of Beasts)

   It poisons the flesh of those it strikes.
   Int:       It affects your intelligence (+6).
 c - a +4 scimitar of flaming
 p - the +6 hand axe of Resumed Hostilities {protect, Dex+9 SInv}
   (You bought it in a shop in a bazaar)

   It grants its wielder temporary protection when it strikes (+7 to AC).
   Dex:       It affects your dexterity (+9).
   SInv:      It lets you see invisible.
Missiles
 e - 37 poisoned darts
 n - 210 stones
 u - 36 boomerangs (quivered)
 w - a curare-tipped dart
 M - 3 silver javelins
 Q - 3 boomerangs of dispersal
 U - 4 throwing nets
Armour
 r - the +2 pair of gloves of Card Tricks (worn) {rN+ Regen+ Stlth+}
   (You found it in a volcano)

   rN:        It protects you from negative energy.
   Regen:     It increases your rate of health regeneration.
   Stlth:     It makes you more stealthy.
 x - the +1 pair of boots "Ruon Ush" (worn) {rPois rF+ MP-9 Str+10}
   (You bought it in a shop in a bazaar)

   Str:       It affects your strength (+10).
   rF:        It protects you from fire.
   rPois:     It protects you from poison.
   MP:        It affects your magic capacity (-9).
 P - the +9 scale mail of Generosity (worn) {rC+}
   (You found it on level 12 of the Dungeon)

   rC:        It protects you from cold.
 S - a +2 hat (worn)
 V - a +0 kite shield (worn)
 Y - a +0 cloak of poison resistance (worn)
Jewellery
 o - an amulet of reflection (around neck)
 q - the ring "Tism" {MP+9 Int+4}
   (You found it on level 5 of the Lair of Beasts)

   [ring of magical power]

   Int:       It affects your intelligence (+4).
   MP:        It affects your magic capacity (+9).
 D - a ring of resist corrosion (right hand)
 R - the ring "Ytseewew" (left hand) {Fly rC+ rN++}
   (You acquired it on level 12 of the Dungeon)

   [ring of flight]

   rC:        It protects you from cold.
   rN:        It greatly protects you from negative energy.
   Fly:       It grants you flight.
Wands
 l - a wand of acid (13)
 y - a wand of polymorph (9)
 E - a wand of flame (8)
 T - a wand of iceblast (11)
 W - a wand of mindburst (12)
Scrolls
 f - 8 scrolls of poison {unknown}
 g - 19 scrolls of teleportation
 j - 7 scrolls of magic mapping
 m - 8 scrolls of enchant weapon {unknown}
 s - 6 scrolls of vulnerability {unknown}
 v - 2 scrolls of silence
 C - a scroll of immolation
 F - 2 scrolls of torment
 J - 3 scrolls of identify
 K - 7 scrolls of blinking {unknown}
 L - 3 scrolls of fear
 X - 2 scrolls of summoning
 Z - 4 scrolls of butterflies
Potions
 d - 14 potions of curing {unknown}
 i - 3 potions of might
 k - 2 potions of heal wounds
 t - 11 potions of degeneration {unknown}
 A - 4 potions of mutation
 B - a potion of invisibility
 H - 2 potions of attraction
 I - 3 potions of cancellation
 N - 3 potions of ambrosia
 O - 6 potions of lignification
Miscellaneous
 h - a box of beasts
 z - a phantom mirror


   Skills:
 + Level 17.2 Fighting
 + Level 2.7 Long Blades
 - Level 16.9(18.0) Axes
 - Level 10.4(14.9) Maces & Flails
 + Level 2.9 Throwing
 + Level 12.2 Armour
 + Level 12.4 Dodging
 + Level 4.2 Stealth
 + Level 19.5 Shields


You had 16 spell levels left.
You didn't know any spells.
Your spell library contained the following spells:

 Spells                   Type           Power      Damage    Failure   Level
 Apportation              Tloc           0%         N/A       80%         1
 Magic Dart               Conj           0%         1d3       80%         1
 Necrotise                Necr           0%         1d4       80%         1
 Shock                    Conj/Air       0%         1d3       80%         1
 Sting                    Tmut/Pois      0%         1d3       80%         1
 Summon Small Mammal      Summ           0%         N/A       80%         1
 Blink                    Tloc           0%         N/A       91%         2
 Call Imp                 Summ           0%         N/A       91%         2
 Cigotuvi's Dreadful Rot  Necr/Pois/Air  0%         N/A       91%         2
 Ensorcelled Hibernation  Hex/Ice        0%         N/A       91%         2
 Poisonous Vapours        Pois/Air       0%         N/A       91%         2
 Frozen Ramparts          Ice            0%         1d1       99%         3
 Gell's Gravitas          Tloc           0%         N/A       99%         3
 Inner Flame              Hex/Fire       0%         N/A       99%         3
 Lesser Beckoning         Tloc           0%         N/A       99%         3
 Mephitic Cloud           Conj/Pois/Air  0%         N/A       99%         3
 Ozocubu's Armour         Ice            0%         N/A       99%         3
 Spider Form              Tmut/Pois      0%         N/A       99%         3
 Teleport Other           Tloc           0%         N/A       99%         3
 Vampiric Draining        Necr           0%         2d6       99%         3
 Anguish                  Hex/Necr       0%         N/A       100%        4
 Animate Dead             Necr           0%         N/A       100%        4
 Cause Fear               Hex            0%         N/A       100%        4
 Dispel Undead            Necr           0%         3d6       100%        4
 Ice Form                 Ice/Tmut       0%         N/A       100%        4
 Manifold Assault         Tloc           0%         N/A       100%        4
 Olgreb's Toxic Radiance  Pois           0%         N/A       100%        4
 Summon Ice Beast         Ice/Summ       0%         N/A       100%        4
 Agony                    Necr           0%         N/A       100%        5
 Arcjolt                  Conj/Air       0%         1d10      100%        5
 Freezing Cloud           Conj/Ice/Air   0%         6-21      100%        5
 Iskenderun's Battlesphe  Conj           0%         2d6       100%        5
 Metabolic Englaciation   Hex/Ice        0%         N/A       100%        5
 Silence                  Hex/Air        0%         N/A       100%        5
 Death Channel            Necr           0%         N/A       100%        6
 Dispersal                Tloc           0%         N/A       100%        6
 Iron Shot                Conj/Erth      0%         9d1       100%        6
 Simulacrum               Ice/Necr       0%         N/A       100%        6
 Dragon Form              Tmut           0%         N/A       100%        7
 Haunt                    Necr/Summ      0%         N/A       100%        7
 Spellforged Servitor     Conj/Summ      0%         N/A       100%        7
 Discord                  Hex            0%         N/A       100%        8
 Infestation              Necr           0%         N/A       100%        8
 Dragon's Call            Summ           0%         N/A       100%        9
 Polar Vortex             Ice            0%         N/A       100%        9


Dungeon Overview and Level Annotations

Branches:
Dungeon (15/15)            Temple (1/1) D:5            Lair (5/5) D:9
 Shoals (3/4) Lair:2        Snake (0/4) Lair:2        Slime (0/5) Lair:4
    Orc (2/2) D:11            Elf (0/3) Orc:2        Vaults (0/5) D:13
 Depths (0/4) D:15          Sewer (visited)           IceCv (visited)
Volcano (visited)

Altars:
Ashenzari
Cheibriados
Dithmenos
Elyvilon
Fedhas
Gozag
Hepliaklqana
Kikubaaqudgha
Makhleb
Nemelex Xobeh
Okawaru
Qazlal
Ru
Sif Muna
Trog
Uskayaw
Vehumet
Wu Jian
Xom
Yredelemnul
Zin
The Shining One
Jiyva

Shops:
D:6 :   Orc:2 (***?

Portals:
Trove: D:11 (give 14 scrolls of teleportation)


Innate Abilities, Weirdness & Mutations

You have a pair of horns on your head.
You reflexively headbutt those who attack you in melee.


Message History

You are blown backwards!
The merfolk javelineer is blown away by the wind.
The wind drake flaps its wings at you. The air twists around and strikes you.
The merfolk aquamancer points at you and mumbles some strange words.
The shard of ice reflects off an invisible shield around you!
The shard of ice hits the merfolk aquamancer!!
The merfolk misses you.
The merfolk hits you from afar with a +0 trident!
* * * LOW HITPOINT WARNING * * *
The merfolk javelineer throws a javelin.
The javelin pierces through you.
* * * LOW HITPOINT WARNING * * *
The snapping turtle barely misses you.
There is a stone staircase leading up here.
You see here a water nymph corpse.
You feel much better.
The merfolk hits you from afar with a +2 vampiric trident.
* * * LOW HITPOINT WARNING * * *
A water elemental comes into view.
You block the merfolk's attack.
The merfolk javelineer throws a javelin.
The javelin pierces through you.
* * * LOW HITPOINT WARNING * * *
The merfolk aquamancer gestures at you while chanting.
The shard of ice hits you!! You partially resist.
* * * LOW HITPOINT WARNING * * *
The snapping turtle completely misses you.
You feel yourself speed up. You block the merfolk's attack.
The wind drake exhales a fierce blast of wind!
You stop ascending the stairs.
You are blown backwards!
The merfolk javelineer is blown away by the wind.
The merfolk throws a boomerang.
The boomerang hits you.
* * * LOW HITPOINT WARNING * * *
Your skin crawls.
You feel strong-willed.
The merfolk javelineer throws a javelin.
The javelin pierces through you!!
You die...

..~~~~~~.##
..~~~~~~.#
#.~~~~~~.##
#)~~~~~~..# #.
#...~~~~. ##.
#...~~~# ##..#
#m.~~~~#
###....##..@# ~# .~
##........m..##~#~~~
##..~~~~~..mt<.~~~~~~
..~~~~≈~~...mk~~~~~~~
.~~~~~~~~~~~~~~~~~~~~
~~~~~~~~~~~~)~~≈≈#~~~
≈≈≈~~~cE≈~~≈~~~≈≈# ~~
~≈≈~~.~~≈~~≈~~~≈≈# ~
~~~~..#)..~~~~≈≈≈#


You could see a merfolk javelineer, a merfolk aquamancer, a snapping turtle, a
wind drake (repels missiles, catching breath), 2 merfolk, a faun and a water
elemental (wandering).

Vanquished Creatures
  Mlioglotl (Shoals:1)
  Rupert (Lair:4)
  Ilsuiw (Shoals:2)
  Nessos (Lair:4)
  A dire elephant (Lair:5)
  A merfolk javelineer (Shoals:2)
  Fannar (Lair:3)
  3 merfolk impalers (Shoals:1)
  Harold (D:9)
  2 vault guards (D:13)
  10 hydras
  A merfolk avatar (Shoals:1)
  A catoblepas (Lair:5)
  An ogre mage (Orc:2)
  7 centaur warriors
  4 boulder beetles
  2 alligator snapping turtles
  11 two-headed ogres
  2 tengu warriors
  A satyr (Shoals:1)
  2 death yaks (Lair:5)
  A spectral dire elephant (Lair:5)
  2 orc high priests (Orc:1)
  A hell knight (D:15)
  A fire crab (Volcano)
  A spectral death yak (Lair:5)
  Amaemon (Lair:3)
  A spectral anaconda (Lair:5)
  9 sea snakes
  8 skeletal warriors (D:13)
  3 deep trolls
  An orc knight (D:15)
  An obsidian statue (Lair:5)
  2 wizards
  A harpy (shapeshifter) (D:15)
  7 deep elf pyromancers
  9 harpies (Shoals:1)
  A wolf spider (D:9)
  2 lindwurms
  6 necromancers
  7 cyclopes
  3 orc sorcerers
  4 oklob plants (Lair:2)
  The ghost of ThrustWizard the Basher, a novice DsFi of Okawaru (D:7)
  4 manticores
  11 ugly things
  6 fauns (Shoals:1)
  A moth of wrath (shapeshifter) (D:13)
  27 elephants
  A dire elephant zombie (Lair:5)
  Joseph (D:7)
  4 merfolk sirens
  5 water nymphs
  3 ice statues (IceCv)
  2 molten gargoyles (Volcano)
  An orange demon (Lair:3)
  3 gargoyles
  2 torpor snails
  6 black mambas
  12 cane toads
  2 unseen horrors
  3 rime drakes
  A dire elephant skeleton (Lair:5)
  An efreet (D:15)
  12 komodo dragons
  A freezing wraith (D:14)
  A tengu conjurer (D:13)
  An anaconda simulacrum (IceCv)
  A queen bee (D:14)
  13 trolls
  2 wind drakes (Shoals:1)
  13 merfolk
  4 meliai
  A wind drake (shapeshifter) (D:14)
  5 polar bears
  21 blink frogs
  2 hornets
  Prince Ribbit (D:7)
  8 slime creatures
  3 snapping turtles (Shoals:1)
  A spectral elephant (Lair:5)
  A vampire (D:12)
  A water elemental (Shoals:1)
  A spriggan (Lair:4)
  3 wraiths
  3 wyverns
  65 yaks
  4 fire bats (Volcano)
  A shadow (D:11)
  20 humans (D:13)
  4 basilisks
  2 vampire mosquitoes (D:12)
  5 steam dragons
  4 wargs
  2 harpy simulacra (IceCv)
  An acid dragon (D:9)
  23 water moccasins
  2 hell hounds (Volcano)
  17 orc warriors
  An ice beast (D:7)
  4 black bears
  17 ogres
  3 elephant zombies (Lair:5)
  9 wolves
  An elephant skeleton (Lair:5)
  21 centaurs
  2 kobold brigands
  16 bullfrogs
  A necrophage (D:7)
  2 gnoll sergeants
  4 scorpions
  A cane toad simulacrum (Lair:5)
  5 wights
  31 killer bees
  2 elephant simulacra (Lair:5)
  3 electric eels
  7 howler monkeys
  5 lava snakes (Volcano)
  9 hounds
  2 jellies
  Crazy Yiuf (D:7)
  19 orc priests
  Jessica (D:2)
  Ijyb (D:3)
  4 gnoll boudas
  2 iguanas
  20 orc wizards
  8 hell rats
  2 polar bear simulacra (IceCv)
  2 wolf simulacra (IceCv)
  8 adders
  16 gnolls
  2 river rats (Sewer)
  A shadow imp (D:7)
  3 white imps
  An ufetubus (D:7)
  5 worms
  2 dart slugs
  90 orcs
  8 ball pythons
  5 bats
  5 endoplasms
  3 giant cockroaches
  9 goblins
  6 hobgoblins
  5 jackals
  12 kobolds
  3 quokkas
  3 frilled lizards
  8 rats
874 creatures vanquished.

Vanquished Creatures (collateral kills)
  2 two-headed ogres (Orc:2)
  An ogre mage (Orc:2)
  A deep troll (Orc:2)
  An orc knight (Orc:2)
  A cyclops (Orc:2)
  2 trolls (Orc:2)
  A warg (Orc:2)
  An orc warrior (Orc:2)
  7 ogres (Orc:2)
  An orc wizard (Orc:2)
  2 orcs (Orc:2)
20 creatures vanquished.

Vanquished Creatures (others)
  A death knight (D:15)
  A manticore (D:7)
  A water nymph (Shoals:3)
  A basilisk (D:7)
  A sky beast (D:7)
  A wolf (Lair:2)
  2 kobold brigands (D:7)
  A wight (D:7)
  A gnoll bouda (D:7)
  19 fungi
  38 plants
  23 withered plants
90 creatures vanquished.

Grand Total: 984 creatures vanquished

Notes
Turn   | Place    | Note
-------+----------+-------------------------------------------
     0 | D:1      | snetch the Minotaur Berserker began the quest for the Orb.
     0 | D:1      | Reached XP level 1. HP: 19/19 MP: 0/0
    82 | D:1      | Reached XP level 2. HP: 25/27 MP: 1/1
   456 | D:2      | Noticed Jessica
   458 | D:2      | Killed Jessica
   459 | D:2      | Reached XP level 3. HP: 24/34 MP: 0/2
   710 | D:2      | Reached XP level 4. HP: 35/41 MP: 3/3
   710 | D:2      | Reached ** piety under Trog
   905 | D:2      | Identified the +0 leather armour "Gah Coig" {Dex+4}
  1574 | D:2      | Found a faded altar of an unknown god.
  1763 | D:4      | Noticed a scorpion
  1766 | D:4      | Killed a scorpion
  1767 | D:4      | Reached skill level 5 in Fighting
  1767 | D:4      | Reached skill level 5 in Axes
  1767 | D:4      | Reached XP level 5. HP: 47/48 MP: 4/4
  1879 | D:3      | Found a glowing golden altar of the Shining One.
  1969 | D:5      | Entered Level 5 of the Dungeon
  2116 | D:6      | Noticed a black bear
  2122 | D:6      | Killed a black bear
  2123 | D:6      | Reached XP level 6. HP: 56/56 MP: 5/5
  2190 | D:6      | Reached XP level 7. HP: 38/62 MP: 2/6
  2249 | D:6      | Found a glowing drain.
  2261 | Sewer    | Entered a sewer
  2558 | D:7      | Noticed Joseph
  3117 | D:3      | Noticed Ijyb
  3119 | D:3      | Reached *** piety under Trog
  3132 | D:3      | Killed Ijyb
  3497 | D:4      | Reached XP level 8. HP: 71/71 MP: 5/7
  3893 | D:5      | Found a staircase to the Ecumenical Temple.
  3906 | D:5      | Got the Quarto of Vapour
  4498 | D:5      | Reached skill level 10 in Axes
  4696 | D:5      | Reached skill level 5 in Armour
  4758 | Temple   | Entered the Ecumenical Temple
  4758 | Temple   | Found a transporter.
  4758 | Temple   | Found a transporter.
  4760 | Temple   | Found a transporter.
  4760 | Temple   | Found a transporter.
  4879 | D:6      | Found Qoirageg's Tremendous Tomes.
  5196 | D:6      | Identified the +3 sling of Ruination {vorpal, rPois Dex+5}
  5344 | D:7      | Killed Joseph
  5345 | D:7      | Reached XP level 9. HP: 40/79 MP: 6/8
  5347 | D:7      | Reached skill level 1 in Stealth
  5347 | D:7      | Reached skill level 1 in Shields
  5350 | D:7      | Reached **** piety under Trog
  5627 | D:6      | Found a bloodstained altar of Trog.
  5923 | D:7      | Noticed Prince Ribbit
  5943 | D:7      | Killed Prince Ribbit
  6021 | D:7      | Found a runed translucent gate.
  6021 | D:7      | Noticed ThrustWizard's ghost (novice DsFi)
  6022 | D:7      | Found a runed translucent gate.
  6096 | D:7      | You fall into a shaft and drop 2 floors!
  6249 | D:7      | Found a runed translucent door.
  6250 | D:7      | Noticed Crazy Yiuf
  6257 | D:7      | Killed Crazy Yiuf
  6603 | D:7      | Reached skill level 5 in Dodging
  6734 | D:7      | Noticed a manticore
  6736 | D:7      | Noticed a deep elf pyromancer
  6757 | D:7      | Killed a manticore
  6758 | D:7      | Reached XP level 10. HP: 65/90 MP: 6/9
  6771 | D:7      | Reached skill level 2 in Shields
  6776 | D:7      | Killed a deep elf pyromancer
  7118 | D:7      | Found a runed translucent gate.
  7126 | D:7      | Upgraded the game from 0.30-a0-135-g630cfc4551 to
                  | 0.30-a0-137-gd8773701ce
  7230 | D:8      | Noticed a cyclops
  7237 | D:8      | Killed a cyclops
  7693 | D:8      | Reached skill level 3 in Shields
  7715 | D:8      | Reached skill level 1 in Maces & Flails
  7721 | D:8      | Reached ***** piety under Trog
  8313 | D:9      | Noticed a wolf spider
  8328 | D:9      | Reached skill level 4 in Shields
  8328 | D:9      | Killed a wolf spider
  8329 | D:9      | Reached XP level 11. HP: 94/97 MP: 10/10
  8827 | D:9      | Noticed a two-headed ogre
  8836 | D:9      | Killed a two-headed ogre
  8837 | D:9      | Reached skill level 5 in Shields
  8937 | D:9      | Found a staircase to the Lair.
  8977 | D:9      | Noticed Harold
  9002 | D:9      | Killed Harold
  9003 | D:9      | Reached skill level 10 in Fighting
  9003 | D:9      | Reached skill level 5 in Maces & Flails
  9029 | D:10     | Entered Level 10 of the Dungeon
  9661 | D:7      | Killed ThrustWizard's ghost
  9970 | D:10     | Received a gift from Trog
 10186 | D:10     | Found a white marble altar of Elyvilon.
 10381 | D:11     | Found a portal to a secret trove of treasure.
 10560 | D:11     | Found a radiant altar of Vehumet.
 10576 | D:11     | Noticed a two-headed ogre
 10589 | D:11     | Killed a two-headed ogre
 10590 | D:11     | Reached skill level 15 in Axes
 10590 | D:11     | Reached skill level 6 in Shields
 10689 | D:11     | Found a staircase to the Orcish Mines.
 10938 | D:11     | Noticed a two-headed ogre
 10948 | D:11     | Killed a two-headed ogre
 10997 | D:12     | Noticed a white ugly thing
 11007 | D:12     | Killed a white ugly thing
 11008 | D:12     | Reached XP level 12. HP: 75/107 MP: 11/11
 11580 | D:12     | Identified the +9 scale mail of Generosity {rC+}
 11628 | D:13     | Noticed an eight-headed hydra
 11638 | D:13     | Reached skill level 7 in Shields
 11643 | D:13     | Killed an eight-headed hydra
 11644 | D:13     | Reached skill level 1 in Throwing
 11757 | D:13     | Noticed a tengu warrior
 11772 | D:13     | Killed a tengu warrior
 11838 | D:13     | Reached skill level 8 in Shields
 11949 | D:13     | Noticed a centaur warrior
 11973 | D:13     | Killed a centaur warrior
 11974 | D:13     | Reached skill level 10 in Maces & Flails
 11989 | D:13     | Identified the +6 lajatang of Duol {vorpal, *Slow rC++ rN+
                  | SInv} (Trog gifted it to you on level 13 of the Dungeon)
 11989 | D:13     | Received a gift from Trog
 11990 | D:13     | Reached skill level 9 in Shields
 11991 | D:13     | Noticed a two-headed ogre
 12013 | D:13     | Killed a two-headed ogre
 12014 | D:13     | Reached XP level 13. HP: 67/116 MP: 12/12
 12098 | D:13     | Reached skill level 10 in Shields
 12176 | D:13     | Found a gate to the Vaults.
 12252 | D:13     | Found a blossoming altar of Fedhas.
 12328 | D:13     | Found a flickering gateway to a bazaar.
 12348 | Bazaar   | Entered a bazaar
 12348 | Bazaar   | Found Husesumo's Armour Shop.
 12348 | Bazaar   | Found Punix's Antique Weapon Shop.
 12348 | Bazaar   | Found Egoplod's Antique Weapon Shoppe.
 12397 | Bazaar   | Found Zakhleh's General Store.
 12397 | Bazaar   | Found Beipir's Weapon Boutique.
 12549 | Bazaar   | Bought the +1 pair of boots "Ruon Ush" {rPois rF+ MP-9
                  | Str+10} for 417 gold pieces
 12564 | Bazaar   | Bought a dazzling hand axe for 232 gold pieces
 12564 | Bazaar   | Identified the +6 hand axe of Resumed Hostilities {protect,
                  | Dex+9 SInv} (You bought it in a shop in a bazaar)
 12768 | D:12     | Reached skill level 11 in Shields
 12803 | D:12     | Identified a scroll of acquirement
 12824 | D:12     | Acquired the ring "Ytseewew" {Fly rC+ rN++}
 13770 | D:14     | Reached skill level 10 in Armour
 13811 | D:14     | Reached skill level 12 in Shields
 14008 | D:14     | Identified the +1 scimitar of Accord {drain, rElec rCorr
                  | Str-3 SInv}
 14374 | D:15     | Entered Level 15 of the Dungeon
 14571 | D:14     | Reached XP level 14. HP: 62/127 MP: 4/13
 14968 | D:15     | Reached skill level 10 in Dodging
 15061 | D:15     | Reached skill level 13 in Shields
 15626 | D:15     | Reached skill level 14 in Shields
 15753 | D:15     | Found a staircase to the Depths.
 16229 | Lair:1   | Entered Level 1 of the Lair of Beasts
 16545 | Lair:2   | Found a frozen archway.
 16597 | IceCv    | Entered an ice cave
 16890 | Lair:2   | Found a dark tunnel.
 16896 | Volcano  | Entered a volcano
 17189 | Volcano  | Found a radiant altar of Vehumet.
 17199 | Volcano  | Reached skill level 15 in Shields
 17505 | Volcano  | Identified the +2 pair of gloves of Card Tricks {rN+ Regen+
                  | Stlth+}
 18089 | Lair:1   | Identified the +7 flail "Dragonbane" {venom, Int+6}
 18348 | Lair:2   | Found a staircase to the Snake Pit.
 18480 | Lair:3   | Noticed Fannar
 18506 | Lair:3   | Killed Fannar
 18515 | Lair:3   | Reached XP level 15. HP: 119/138 MP: 5/14
 19017 | Lair:2   | Found a staircase to the Shoals.
 19029 | Lair:2   | Reached skill level 16 in Shields
 19033 | Lair:2   | Received a gift from Trog
 19228 | Lair:3   | Found a glowing golden altar of the Shining One.
 19355 | Lair:2   | Upgraded the game from 0.30-a0-137-gd8773701ce to
                  | 0.30-a0-149-g7f746667c4
 19476 | Lair:4   | Reached skill level 1 in Long Blades
 19521 | Lair:4   | Noticed Rupert
 19530 | Lair:4   | Killed Rupert
 19823 | Lair:3   | Noticed Amaemon
 19836 | Lair:3   | Killed Amaemon
 20346 | Lair:4   | Found a viscous altar of Jiyva.
 20346 | Lair:4   | Found a staircase to the Slime Pits.
 20358 | Lair:4   | Reached skill level 15 in Fighting
 20563 | Lair:5   | Entered Level 5 of the Lair of Beasts
 20693 | Lair:4   | Reached ****** piety under Trog
 20697 | Lair:4   | Received a gift from Trog
 20699 | Lair:4   | Reached skill level 17 in Shields
 21029 | Lair:4   | Noticed Nessos
 21036 | Lair:4   | Killed Nessos
 22251 | Lair:5   | Reached XP level 16. HP: 148/149 MP: 2/15
 22263 | Lair:5   | Identified the ring "Tism" {MP+9 Int+4}
 22397 | Lair:5   | Received a gift from Trog
 22473 | Lair:5   | Reached skill level 18 in Shields
 22804 | Orc:1    | Entered Level 1 of the Orcish Mines
 23328 | Orc:2    | Entered Level 2 of the Orcish Mines
 23353 | Orc:2    | Found a staircase to the Elven Halls.
 23366 | Orc:2    | Found Jeik's Assorted Antiques.
 23443 | Orc:2    | Bought a cyan potion for 33 gold pieces
 23534 | Orc:2    | Found Dade's Assorted Antiques.
 23551 | Orc:2    | Received a gift from Trog
 23567 | Orc:2    | Found Cakluhy's Magic Scroll Boutique.
 23652 | Orc:2    | Found Wof Fyown's Weapon Emporium.
 23654 | Orc:2    | Bought a scroll of identify for 46 gold pieces
 23660 | Orc:2    | Bought a scroll of teleportation for 42 gold pieces
 23660 | Orc:2    | Bought a scroll of identify for 28 gold pieces
 23673 | Orc:2    | Found Fostoss's Assorted Antiques.
 23999 | Shoals:1 | Entered Level 1 of the Shoals
 24274 | Shoals:1 | Identified the +6 broad axe of Severance {antimagic, rC+
                  | Dex+4} (Trog gifted it to you on level 1 of the Shoals)
 24274 | Shoals:1 | Received a gift from Trog
 24418 | Shoals:1 | Reached skill level 19 in Shields
 24773 | Shoals:1 | Noticed Mlioglotl
 24788 | Shoals:1 | Killed Mlioglotl
 25023 | Shoals:2 | Noticed Ilsuiw
 25064 | Shoals:2 | Killed Ilsuiw
 25065 | Shoals:2 | Reached XP level 17. HP: 92/161 MP: 2/16
 25244 | Shoals:3 | Received a gift from Trog
 25255 | Shoals:3 | HP: 5/161 [wind drake/the air (20)]
 25261 | Shoals:3 | HP: 6/161 [merfolk/+0 trident[a merfolk javelineer] (12)]
 25264 | Shoals:3 | Hit by a javelin thrown by a merfolk javelineer

Illustrated notes

Levels and vault maps discovered:
D:1:      erik_arrival_blinker_ship, layout_loops_cross, minivault_14,
          glass_columns_a
D:2:      layout_rooms, ebering_ecumenical_altar_petrified, uniq_jessica
D:3:      layout_basic, nicolae_tso_carved_into_rock, uniq_ijyb
D:4:      layout_loops_ring
D:5:      layout_rooms, minmay_temple_entry_waves, hex_medium,
          kennysheep_generic_room_13
D:6:      layout_basic, kennysheep_mini, cheibrodos_sewer_entry_sluice,
          nicolae_shop_i_like_big_books, nicolae_grassy_gnolls
D:7:      nzn_winding_woodlands_cross [nzn_winding_woodlands_5x15_zeroes,
          nzn_winding_woodlands_5x15_longhouse,
          nzn_winding_woodlands_5x15_river_crossing,
          nzn_winding_woodlands_5x15_sawtooth,
          nzn_winding_woodlands_15x15_killbox], layout_cave_pools,
          biasface_ghost_orc_armoury, uniq_prince_ribbit1,
          uniq_crazy_yiuf_cottage, uniq_joseph
D:8:      layout_rooms, special_room [special_room_orc]
D:9:      layout_stronghold, grunt_lair_entry_orc_guard_hut, minmay_three_doors,
          uniq_harold
D:10:     layout_rooms, elyvilon_altar_1
D:11:     layout_long_grid, david_orc_2, trove_entry_hex_spiral,
          nicolae_vehumet_radiance
D:12:     layout_roguey, st_stairs_1
D:13:     layout_loops_ring, grunt_vaults_entry_tiered, serial_shops,
          bzr_firewalk, fedhas_altar_1
D:14:     layout_basic, small_statue_intersection, special_room
          [special_room_bee]
D:15:     hangedman_depths_entry_civil_slaughter, layout_long_grid
Temple:   hellmonk_temple_divided_pantheon
Lair:1:   layout_small_grid
Lair:2:   minmay_lair_oklob_chamber, layout_long_grid, elwin_shoals_entry_rooms,
          minmay_snake_entry_six_corridors, nicolae_volcano_entry_hallway,
          portal_ice_cave_entry_pillars_1, serial_rivers,
          chequers_serial_rivers_micro_c, chequers_serial_rivers_micro_b,
          chequers_serial_rivers_room_a, chequers_serial_rivers_micro_c,
          chequers_serial_rivers_micro_c, chequers_serial_rivers_room_b,
          serial_bayou_pond_a, ldierk_geyser
Lair:3:   layout_cave_pods, basic_altar, grunt_megastairs_5,
          serial_bayou_shore_a, uniq_amaemon, uniq_fannar
Lair:4:   layout_hall_layers, minmay_slime_entry_pillars, forest_entry_grove,
          uniq_nessos, uniq_rupert
Lair:5:   due_jungle_book, layout_long_grid, st_stairs_5
Shoals:1: layout_shoals, uniq_mlioglotl
Shoals:2: layout_shoals, abandoned_shop, uniq_ilsuiw
Shoals:3: layout_shoals, serial_shops, shop, shop, shop_fountains,
          nicolae_shoals_nymph_descending_staircase
Orc:1:    layout_caves, guppyfry_orc_lava_fort
Orc:2:    st_orc_open, layout_caves, serial_shops, nicolae_shop_statue_plus

Skill      XL: |  1  2  3  4  5  6  7  8  9 10 11 12 13 14 15 16 |
---------------+-------------------------------------------------+-----
Fighting       | 4 5 6 7 8 9 10 11 12 14 15 17 | 17.2
Axes           | 4 5 6 7 8 10 12 13 15 16 | 16.9
Dodging        | 3 4 5 6 7 8 9 10 11 12 | 12.4
Armour         | 3 4 5 7 8 9 10 11 12 | 12.2
Stealth        | 1 2 3 4 |  4.2
Shields        | 1 4 6 9 12 15 17 19 | 19.5
Maces & Flails | 4 6 10 | 10.4
Throwing       | 1 2 |  2.9
Long Blades    | 2 |  2.7

Action                   |  1- 3 |  4- 6 |  7- 9 | 10-12 | 13-15 | 16-18 || total
-------------------------+-------+-------+-------+-------+-------+-------++-------
Melee: Hand axe          |    31 |       |       |       |   513 |     1 ||   545
       Headbutt          |     6 |    13 |    63 |   171 |   339 |   111 ||   703
       War axe           |     6 |    76 |   298 |   180 |       |       ||   560
       Punch             |       |     2 |     1 |       |       |       ||     3
       Whip              |       |       |       |   190 |       |       ||   190
       Flail             |       |       |       |   368 |   495 |       ||   863
       Morningstar       |       |       |       |       |    86 |       ||    86
       Scimitar          |       |       |       |       |    34 |       ||    34
       Broad axe         |       |       |       |       |   121 |   420 ||   541
Throw: Dart              |       |       |     4 |     4 |    24 |       ||    32
       Boomerang         |       |       |       |       |       |     3 ||     3
Invok: Berserk           |       |     2 |     2 |     2 |     4 |     2 ||    12
       Trog's Hand       |       |     1 |     1 |     5 |     9 |     5 ||    21
       Brothers in Arms  |       |       |       |       |       |     1 ||     1
  Use: Potion            |       |       |     1 |       |     1 |     8 ||    10
       Scroll            |       |       |       |     1 |    21 |     2 ||    24
 Stab: Invisible         |       |       |       |     9 |       |       ||     9
       Sleeping          |       |       |       |       |     8 |     2 ||    10
       Paralysed         |       |       |       |       |       |     1 ||     1
Armor: Animal skin       |    13 |       |       |       |       |       ||    13
       Scale mail        |       |    25 |    50 |    89 |   381 |   164 ||   709
       Chain mail        |       |       |    56 |   114 |       |       ||   170
       Ring mail         |       |       |    24 |    88 |       |       ||   112
Dodge: Dodged            |    30 |    56 |   166 |   325 |   569 |   222 ||  1368
Block: Buckler           |       |       |    22 |    18 |       |       ||    40
       Kite shield       |       |       |       |   401 |  1081 |   441 ||  1923
       Reflection        |       |       |       |    10 |    36 |    23 ||    69

Table legend: (Time is in decaauts)
 A = Elapsed time spent in this place.
 B = Non-inter-level travel time spent in this place.
 C = Inter-level travel time spent in this place.
 D = Time resting spent in this place.
 E = Time spent auto-exploring this place.
 F = Levels seen in this place.
 G = Mean time per level.
                   A        B        C        D        E       F      G
               +--------+--------+--------+--------+--------+-----+--------+
         Total |  24971 |  22873 |   2098 |    263 |  14088 |  30 |  832.4 |
       Dungeon |  15756 |  14467 |   1289 |    203 |   9455 |  15 | 1050.4 |
        Temple |     41 |     24 |     17 |      0 |      1 |   1 |   41.0 |
          Lair |   5646 |   5007 |    639 |      0 |   3157 |   5 | 1129.2 |
        Shoals |   1226 |   1169 |     57 |     60 |    372 |   3 |  408.7 |
  Orcish Mines |   1058 |    964 |     94 |      0 |    640 |   2 |  529.0 |
        Bazaar |    230 |    230 |      0 |      0 |     79 |   1 |  230.0 |
         Sewer |    251 |    251 |      0 |      0 |    168 |   1 |  251.0 |
      Ice Cave |    143 |    143 |      0 |      0 |      0 |   1 |  143.0 |
       Volcano |    616 |    616 |      0 |      0 |    215 |   1 |  616.0 |
               +--------+--------+--------+--------+--------+-----+--------+

Top non-repeatable levels by time:
     D:9: 1529 daAuts
     D:7: 1511 daAuts
  Lair:2: 1382 daAuts
    D:14: 1370 daAuts
    D:13: 1344 daAuts
     D:6: 1338 daAuts
    D:11: 1209 daAuts
  Lair:5: 1205 daAuts
  Lair:4: 1142 daAuts
  Lair:3: 1036 daAuts
     D:8: 1004 daAuts
Shoals:1: 965 daAuts
     D:2: 930 daAuts
     D:3: 894 daAuts
  Lair:1: 879 daAuts
